 Dungeon Crawl Stone Soup version 0.26-a0-610-g3e9335b (webtiles) character file.

Game seed: 8338465543810665866

894 B1Gdaddy5 the Slasher (level 8, -4/91 HPs)
             Began as a Human Berserker on Sept 3, 2020.
             Was an Elder of Trog.
             Slain by an ogre
             ... wielding a +0 giant spiked club
              (19 damage)
             ... on level 5 of the Dungeon.
             The game lasted 00:45:32 (6091 turns).

B1Gdaddy5 the Slasher (Human Berserker)             Turns: 6091, Time: 00:45:32

Health: -4/91      AC: 16    Str: 20    XL:     8   Next: 27%
Magic:  7/7        EV:  6    Int:  7    God:    Trog [****..]
Gold:   274        SH:  4    Dex: 11    Spells: 7/7 levels left

rFire    . . .     SeeInvis .   q - +0 falchion
rCold    + . .     Faith    +   r - +0 buckler
rNeg     . . .     Spirit   .   o - +0 plate armour
rPois    .         Reflect  .   w - +0 hat
rElec    .         Harm     .   t - +1 cloak
rCorr    .                      (no gloves)
MR       +....                  (no boots)
Stlth    ..........             b - amulet of faith
HPRegen  0.25/turn              p - ring of protection from cold
MPRegen  0.10/turn              x - ring of protection from magic

@: berserking, very quick
A: yellow scales 1, clumsy 1, low mp 1
a: Berserk, Trog's Hand, Brothers in Arms, Renounce Religion


You were on level 5 of the Dungeon.
You worshipped Trog.
Trog was greatly pleased with you.
You visited 1 branch of the dungeon, and saw 5 of its levels.

You collected 274 gold pieces.

Inventory:

Hand Weapons
 m - the +3 hunting sling of Pughuxip {venom, MR+ Int+3}
   (You took it off an orc on level 4 of the Dungeon)

   It poisons the ammo it fires.
   It affects your intelligence (+3).
   It affects your resistance to hostile enchantments.
 q - a +0 falchion (weapon)
Missiles
 n - 19 poisoned darts (quivered)
Armour
 i - a +0 leather armour of fire resistance
 o - a +0 plate armour (worn)
 r - a +0 buckler (worn)
 t - a +1 cloak (worn)
 u - a +1 chain mail
 w - a +0 hat (worn)
Jewellery
 b - an amulet of faith (around neck)
 p - a ring of protection from cold (left hand)
 v - an uncursed ring of teleportation
 x - a ring of protection from magic (right hand)
 y - an uncursed amulet of the acrobat {unknown}
Wands
 z - a wand of disintegration (16)
Scrolls
 d - 2 scrolls of remove curse
 h - a scroll of fear {unknown}
 j - 6 scrolls of teleportation
 l - a scroll of random uselessness
 s - a scroll of immolation {unknown}
Potions
 a - 2 potions of curing
 c - a potion of berserk rage
 e - a potion of flight
 f - a potion of heal wounds
 g - 2 potions of brilliance
 k - a potion of resistance {unknown}


   Skills:
 + Level 4.6 Fighting
 + Level 6.7 Long Blades
 + Level 4.6 Armour
 + Level 2.8 Dodging
 + Level 2.4 Shields


You had 7 spell levels left.
You didn't know any spells.
Your spell library contained the following spells:

 Spells                   Type           Power        Failure   Level
 Animate Skeleton         Necr           #.....       100%        1
 Pain                     Necr           #...         100%        1
 Vampiric Draining        Necr           #.........   100%        3
 Animate Dead             Necr           #.........   100%        4
 Agony                    Necr           #.......     100%        5


Dungeon Overview and Level Annotations

Branches:
Dungeon (5/15)
 Temple: D:4-7

Altars:
Dithmenos
Beogh


Innate Abilities, Weirdness & Mutations

You are partially covered in yellow scales. (AC +2)
You are clumsy. (Dex -2)
Your magical capacity is low. (-10% MP)


Message History

The ogre is heavily wounded.
The ogre hits you but does no damage.
Your plate armour prevents you from hitting the ogre.
The ogre is heavily wounded.
You hit the ogre.
The ogre is severely wounded.
The ogre hits you with a +0 giant spiked club.
You hit the ogre.
The ogre is severely wounded.
You block the ogre's attack.
You hit the ogre.
The ogre is almost dead.
You hit the ogre.
The ogre is almost dead.
The ogre hits you with a +0 giant spiked club!!
* * * LOW HITPOINT WARNING * * *
A red film seems to cover your vision as you go berserk!
You feel yourself moving faster!
You feel mighty!
The ogre hits you with a +0 giant spiked club!!
You die...

### ..# ####.# ..#.#
############.#O#
###.........##.#@##
............##....#
............##....##
.......#...........#
.......#...........#
.......#...........#
(......+...........#
.......#....###....#
.(............+....#


You could see an ogre.

Vanquished Creatures
  The ghost of Hazorath the Sneak, a novice SpAE of Uskayaw (D:4)
  An ogre (D:5)
  A centaur (D:5)
  2 scorpions
  A bullfrog zombie (D:5)
  3 orc priests (D:4)
  2 orc wizards (D:5)
  A worker ant (D:4)
  9 adders
  A shadow imp (D:4)
  2 oozes
  3 worms
  8 dart slugs
  5 leopard geckos
  8 orcs
  4 ball pythons
  2 bats (D:1)
  3 giant cockroaches
  11 goblins
  8 hobgoblins
  11 jackals
  2 quokkas
  5 frilled lizards
  A jackal skeleton (D:5)
  5 kobolds
  2 quokka skeletons
  12 rats
114 creatures vanquished.

Notes
Turn   | Place    | Note
-------+----------+-------------------------------------------
     0 | D:1      | B1Gdaddy5 the Human Berserker began the quest for the Orb.
     0 | D:1      | Reached XP level 1. HP: 18/18 MP: 1/1
   148 | D:1      | Reached XP level 2. HP: 24/24 MP: 2/2
   667 | D:1      | Reached XP level 3. HP: 26/29 MP: 3/3
  1118 | D:2      | Reached ** piety under Trog
  1354 | D:2      | Reached XP level 4. HP: 31/35 MP: 4/4
  1461 | D:2      | Reached skill level 4 in Long Blades
  2208 | D:3      | Reached XP level 5. HP: 35/41 MP: 5/5
  3057 | D:3      | Reached *** piety under Trog
  3409 | D:4      | Identified the cursed +3 hunting sling of Pughuxip {venom,
                  | MR+ Int+3}
  3409 | D:4      | Noticed Hazorath's ghost (novice SpAE)
  3410 | D:4      | Found a runed translucent gate.
  3410 | D:4      | Found a runed translucent gate.
  3410 | D:4      | Found a runed translucent gate.
  3411 | D:4      | Found a roughly hewn altar of Beogh.
  3452 | D:4      | HP: 2/42 [scorpion (1)]
  3468 | D:4      | Reached XP level 6. HP: 33/48 MP: 6/6
  3722 | D:4      | Reached skill level 5 in Long Blades
  3902 | D:4      | Gained mutation: You are clumsy. (Dex -2) [potion of
                  | mutation]
  3902 | D:4      | Gained mutation: Your magical capacity is low. (-10% MP)
                  | [potion of mutation]
  3902 | D:4      | Gained mutation: You are partially covered in yellow
                  | scales. (AC +2) [potion of mutation]
  4087 | D:4      | Reached skill level 1 in Shields
  4597 | D:4      | Found a shadowy altar of Dithmenos.
  5302 | D:4      | Killed Hazorath's ghost
  5302 | D:4      | Reached XP level 7. HP: 54/54 MP: 6/6
  5308 | D:4      | Reached skill level 6 in Long Blades
  5418 | D:5      | Entered Level 5 of the Dungeon
  5505 | D:5      | Reached **** piety under Trog
  5555 | D:5      | Reached XP level 8. HP: 29/61 MP: 7/7
  6091 | D:5      | Slain by an ogre

Illustrated notes

Levels and vault maps discovered:
D:1:      roderic_crossed_star, layout_loops_corners
D:2:      layout_loops_corners, hangedman_decor_clover_reticule
D:3:      layout_basic
D:4:      layout_loops_ring, grunt_dithmenos_shadows,
          biasface_ghost_orc_armoury, gup_sewer_entry_spiral
D:5:      kennysheep_slugbush, layout_basic, fedhas_altar_4, bloody_trog,
          chequers_serial_rivers_room_a, minmay_manual_mares

Skill      XL: |  1  2  3  4  5  6  7 |
---------------+----------------------+-----
Long Blades    | 4 5 6 |  6.7
Armour         | 3 4 |  4.6
Shields        | 1 2 |  2.4
Fighting       | 4 |  4.6
Dodging        | |  2.8

Action                   |  1- 3 |  4- 6 |  7- 9 || total
-------------------------+-------+-------+-------++-------
Melee: Falchion          |    77 |   272 |   146 ||   495
Invok: Berserk           |     1 |     7 |     2 ||    10
       Trog's Hand       |       |     1 |       ||     1
  Use: Scroll            |       |     8 |     2 ||    10
       Potion            |       |     7 |     1 ||     8
Armor: Animal skin       |     5 |       |       ||     5
       Ring mail         |     7 |       |       ||     7
       Chain mail        |    22 |     6 |       ||    28
       Plate armour      |       |   184 |   131 ||   315
Dodge: Dodged            |    55 |    95 |    48 ||   198
Block: Buckler           |       |    38 |    23 ||    61
       Rpst.: Falchion   |    14 |    28 |    13 ||    55

Table legend: (Time is in decaauts)
 A = Elapsed time spent in this place.
 B = Non-inter-level travel time spent in this place.
 C = Inter-level travel time spent in this place.
 D = Time resting spent in this place.
 E = Time spent auto-exploring this place.
 F = Levels seen in this place.
 G = Mean time per level.
                   A        B        C        D        E       F      G
               +--------+--------+--------+--------+--------+-----+--------+
         Total |   6312 |   5988 |    324 |   1193 |   3014 |   5 | 1262.4 |
       Dungeon |   6312 |   5988 |    324 |   1193 |   3014 |   5 | 1262.4 |
               +--------+--------+--------+--------+--------+-----+--------+

Top non-repeatable levels by time:
     D:4: 2164 daAuts
     D:3: 1234 daAuts
     D:2: 1167 daAuts
     D:1: 1053 daAuts
     D:5: 691 daAuts
